 Dungeon Crawl Stone Soup version 0.31.0-7-gf635a9b802 (webtiles) character file.

Game seed: 1179321645638575708

67 Arcadio the Sneak (level 4, -4/30 HPs)
             Began as an Octopode Brigand on Jan 23, 2024.
             Slain by a gnoll
             ... wielding a +0 spear
              (9 damage)
             ... on level 3 of the Dungeon.
             The game lasted 00:02:10 (1083 turns).

Arcadio the Sneak (Octopode Brigand)                Turns: 1083, Time: 00:02:11

Health: -4/30      AC:  1    Str: 10    XL:     4   Next: 18%
Magic:  4/4        EV: 13    Int: 13    God:
Gold:   66         SH:  0    Dex: 15    Spells: 3/3 levels left

rFire   . . .        a - +2 dagger
rCold   . . .        (no shield)
rNeg    . . .        (helmet restricted)
rPois   .            d - amulet of regeneration
rElec   .            (no ring)
rCorr   .            (no ring)
SInv    .            (no ring)
Will    .....        (no ring)
Stlth   ++++         (no ring)
HPRegen 1.05/turn    (no ring)
MPRegen 0.09/turn    (no ring)
                     (no ring)

%: no passive effects
@: no status effects
A: almost no armour, amphibious, 8 rings, camouflage 1, gelatinous body 1,
(nimble swimmer 1), tentacles
a: no special abilities


You were on level 3 of the Dungeon.
You visited 1 branch of the dungeon, and saw 3 of its levels.

You collected 66 gold pieces.

Inventory:

Hand Weapons
 a - a +2 dagger (weapon)
 g - a +0 dagger of venom
Missiles
 b - 9 poisoned darts (quivered)
 c - 3 curare-tipped darts
Jewellery
 d - an amulet of regeneration (around mantle)
Scrolls
 f - a scroll of teleportation {unknown}
 h - a scroll of identify {unknown}
Potions
 e - a potion of haste {unknown}
 i - a potion of attraction {unknown}
 j - a potion of mutation {unknown}


   Skills:
 + Level 2.7 Fighting
 + Level 2.7 Short Blades
 - Level 2.0 Throwing
 + Level 2.0 Dodging
 + Level 6.0 Stealth


You had 3 spell levels left.
You didn't know any spells.
Your spell library contained the following spells:

 Spells                   Type           Power      Damage    Failure   Level
 Passage of Golubria      Tloc           0%         N/A       97%         4
 Silence                  Hex/Air        0%         N/A       100%        5
 Lehudib's Crystal Spear  Conj/Erth      0%         10d2      100%        8


Dungeon Overview and Level Annotations

Branches:
Dungeon (3/15)

Altars:
The Shining One

Shops:
D:1 (

Annotations:
D:3 Sigmund


Innate Abilities, Weirdness & Mutations

You cannot wear most types of armour.
You are amphibious.
You can wear up to eight rings at the same time.
Your skin changes colour to match your surroundings (Stealth+).
Your rubbery body absorbs attacks. (AC +1, EV +1)
((You are camouflaged when in or above water. (Stealth+)))
You have tentacles for arms and can constrict up to eight enemies at once.


Message History

There is a stone staircase leading down here.
You climb downwards.
There is a stone staircase leading up here.
Okay, then.
An orc comes into view. It is wielding a +0 war axe.
A dart slug comes into view. 2 gnolls and an endoplasm come into view.
The helpless dart slug fails to defend itself.
You impale the dart slug!!
You kill the dart slug!
You have reached level 4!
A gnoll comes into view. It is wielding a +0 spear.
The helpless gnoll fails to defend itself.
You impale the gnoll!!
You kill the gnoll!
Your Dodging skill increases to level 2!
Your Stealth skill increases to level 6!
An orc comes into view. It is wielding a +0 club.
You see here a +0 spear.
The gnoll shouts!
The endoplasm quivers.
The gnoll shouts!
The orc shouts!
The gnoll barely misses you. The gnoll hits you with a +0 spear.
You hit the gnoll. You grab the gnoll.
The gnoll is lightly wounded.
You constrict the gnoll, but do no damage.
The endoplasm closely misses you. The gnoll hits you with a +0 spear. x2
You release your grip on the gnoll.
A bat comes into view.
Sigmund the Dreaded comes into view.
He is wielding a +0 scythe.
The orc hits you with a +0 war axe. The endoplasm freezes you.
You are frozen.
The gnoll barely misses you.
The gnoll hits you from afar with a +0 spear.
* * * LOW HITPOINT WARNING * * *
The bat moves out of view.
You see here a +0 spear.
The orc misses you. The gnoll attacks as it pursues you!
The gnoll hits you from afar with a +0 spear!
You die...

### #.... b. ..
#...##..@##.##..
..........#.#..
..............
............#
...........##
....(...og..#
#†.@Jg..#
##.##...o..#
######.##........
#........#?....##
#.<......##....#
#........# ......
#................
#........##.....#
#........# .


You could see Sigmund (wandering), 2 gnolls, 2 orcs, an endoplasm and a bat
(wandering).

Vanquished Creatures
  A gnoll (D:3)
  2 dart slugs
  2 ribbon worms (D:2)
  9 endoplasms
  3 giant cockroaches
  5 goblins
  5 hobgoblins
  3 ball pythons
  4 bats (D:2)
  4 frilled lizards
  4 kobolds
  3 rats (D:2)
45 creatures vanquished.

Notes
Turn   | Place    | Note
-------+----------+-------------------------------------------
     0 | D:1      | Arcadio the Octopode Brigand began the quest for the Orb.
     0 | D:1      | Reached XP level 1. HP: 14/14 MP: 1/1
   203 | D:1      | Reached XP level 2. HP: 19/19 MP: 2/2
   300 | D:1      | Found Lioroinu's Weapon Shoppe.
   401 | D:1      | Reached XP level 3. HP: 25/25 MP: 3/3
   670 | D:2      | Found a glowing golden altar of the Shining One.
  1077 | D:3      | Reached XP level 4. HP: 30/30 MP: 4/4
  1079 | D:3      | Reached skill level 6 in Stealth
  1082 | D:3      | Noticed Sigmund
  1083 | D:3      | Slain by a gnoll

Illustrated notes

Levels and vault maps discovered:
D:1:      dpeg_arrival_three_smaller_balls, layout_basic, serial_shops, shop,
          minivault_27
D:2:      layout_rooms, basic_altar
D:3:      layout_rooms, chequers_temple_overflow_statue_of_worship,
          minmay_misc_feat_ornament, kennysheep_generic_room_9, uniq_sigmund,
          uniq_jessica, uniq_natasha, uniq_robin

Skill      XL: |  1  2  3  4 |
---------------+-------------+-----
Dodging        | 2 |  2.0
Stealth        | 6 |  6.0
Fighting       | |  2.7
Short Blades   | |  2.7
Throwing       | |  2.0

Action                     |  1- 3 |  4- 6 || total
---------------------------+-------+-------++-------
  Melee: Dagger            |    84 |     2 ||    86
         Constrict         |    20 |     1 ||    21
         Tentacles         |    10 |       ||    10
   Stab: Sleeping          |    15 |     1 ||    16
 Armour: Skin              |    37 |     6 ||    43
  Dodge: Dodged            |    50 |     4 ||    54
